 Dungeon Crawl Stone Soup version 0.18.1-5-g4a78601 (webtiles) character file.

1913 PossumBlood the Cleaver (level 8, -25/64 HPs)
             Began as a Minotaur Fighter on May 10, 2016.
             Was a Believer of Okawaru.
             Killed from afar by skimmer's ghost (26 damage)
             ... with an orb of energy
             ... on level 6 of the Dungeon.
             The game lasted 00:10:59 (4930 turns).

PossumBlood the Cleaver (Minotaur Fighter)          Turns: 4930, Time: 00:10:59

Health: -25/64     AC: 15    Str: 24    XL:     8   Next: 95%
Magic:  7/7        EV:  9    Int:  5    God:    Okawaru [**....]
Gold:   363        SH:  9    Dex:  9    Spells: 0 memorised, 7 levels left

rFire  . . .     SeeInvis .     a - +0 war axe
rCold  + . .     Gourm    .     b - +0 scale mail
rNeg   . . .     Faith    .     c - +0 shield
rPois  .         Spirit   .     k - +1 hat
rElec  .         Dismiss  .     r - +1 cloak {MR+}
rCorr  .         Reflect  .     (no gloves)
SustAt .         Harm     .     (no boots)
MR     +....                    (no amulet)
Stlth  ..........               y - +5 ring of protection
                                v - ring of protection from cold

@: somewhat resistant to hostile enchantments, extremely unstealthy
A: retaliatory headbutt, horns 2
a: Heroism, Renounce Religion


You were on level 6 of the Dungeon.
You worshipped Okawaru.
Okawaru was pleased with you.
You were not hungry.

You visited 2 branches of the dungeon, and saw 7 of its levels.

You collected 363 gold pieces.

Inventory:

Hand Weapons
 a - a +0 war axe (weapon)
 q - a +3 quarterstaff of chaos
 w - a +0 dagger
Missiles
 z - 3 tomahawks (quivered)
Armour
 b - a +0 scale mail (worn)
 c - a +0 shield (worn)
 k - a +1 hat (worn)
 r - a +1 cloak of magic resistance (worn)
 A - a +1 cloak
Jewellery
 v - a ring of protection from cold (left hand)
 y - a +5 ring of protection (right hand)
Wands
 p - a wand of confusion (21/48)
 s - a wand of slowing (16/48)
 B - a wand of heal wounds (3/9)
Scrolls
 e - 5 scrolls of fear {unknown}
 g - a scroll of recharging {unknown}
 h - 2 scrolls of amnesia {unknown}
 i - 6 scrolls of identify {unknown}
 j - 5 scrolls of enchant weapon {unknown}
 l - a scroll of immolation {unknown}
 m - 3 scrolls of magic mapping {unknown}
 n - 2 scrolls of enchant armour {unknown}
 D - a scroll of summoning {unknown}
Potions
 o - a potion of agility {unknown}
 t - a potion of cancellation {unknown}
 u - 3 potions of curing {unknown}
 x - 2 potions of flight {unknown}
Books
 C - a book of Unlife

   Spells                             Type                      Level
   a - Recall                         Summoning/Translocation      3
   b - Animate Dead                   Necromancy                   4
   c - Control Undead                 Necromancy                   4
   d - Cigotuvi's Embrace             Necromancy                   5
   e - Death Channel                  Necromancy                   6
   f - Simulacrum                     Ice/Necromancy               6
Comestibles
 d - a slice of pizza
 f - 2 bread rations


   Skills:
 - Level 3.6 Fighting
 * Level 12.2 Axes
 - Level 3.6 Armour
 - Level 5.5 Dodging
 - Level 0.6 Stealth
 - Level 3.6 Shields


You had 7 spell levels left.
You didn't know any spells.

Dungeon Overview and Level Annotations

Branches:
Dungeon (6/15)             Temple (1/1) D:4

Altars:
Cheibriados
Dithmenos
Elyvilon
Fedhas
Makhleb
Okawaru
Pakellas
Qazlal
Ru
Sif Muna
Vehumet
Xom
Yredelemnul
Zin
The Shining One

Annotations:
D:6 skimmer's ghost, novice HECj


Innate Abilities, Weirdness & Mutations

You reflexively headbutt those who attack you in melee.
You have a pair of horns on your head.


Message History

The tomahawk hits you but does no damage.
Skimmer's ghost points at you and mumbles some strange words.
The orb of energy hits you!
Drink which item? (? for menu, Esc to quit)
Okay, then.
Read which item? (? for menu, Esc to quit)
Okay, then.
The orc throws a tomahawk.
The tomahawk misses you.
Skimmer's ghost gestures at you while chanting.
The magic dart hits you!
Skimmer's ghost points at you and mumbles some strange words.
The orb of energy hits you!
* * * LOW HITPOINT WARNING * * *
The orb of energy explodes!
Skimmer's ghost gestures at you while chanting.
The orb of energy hits you!
* * * LOW HITPOINT WARNING * * *
Skimmer's ghost casts a spell at you. The orb of energy hits you!
You die...

.#... ....#........... .# ..
...##...#... #...#..#.#.# ..
...........# #...#..#.#.# .#.
#.......#..#.#.#.#..#.#.# #..
#..##...#..#...#.#..#.#.# #...##
#..##...#................
......##...o.....##...#.#..###..
#........Y##...#.##...#.........
.......(.oW....@................
......###.(#...................#
....# ##.#..#.....#...#.##.###
#.. #.#..#.....##..#.##.### #
#.#..#.....##.>........
..#######.#..#.....##.##....##.
..........#..#.....##.##....##. .
.............#.....#...........
...#######..#..##'##.#........##.


You could see an ice beast, an orc priest, skimmer's ghost and an orc.

Vanquished Creatures
  Sigmund (D:4)
  Eustachio (D:5)
  2 water moccasins (D:5)
  An ice beast (D:5)
  A sky beast (D:5)
  4 ogres
  A giant frog (D:5)
  4 crimson imps
  A centaur zombie (D:6)
  4 orc priests
  A giant frog zombie (D:5)
  A giant frog skeleton (D:4)
  Crazy Yiuf (D:4)
  A gnoll shaman (D:5)
  Jessica (D:3)
  2 iguanas
  3 orc wizards
  Ijyb (D:3)
  A worker ant (D:4)
  A hound skeleton (D:4)
  Robin (D:4)
  3 gnolls (D:2)
  An adder (D:3)
  A shadow imp (D:6)
  An ooze (D:2)
  An adder skeleton (D:5)
  2 worms
  4 dart slugs
  2 giant geckos
  16 orcs
  8 bats
  9 giant cockroaches
  16 goblins
  15 hobgoblins
  7 jackals
  6 quokkas
  A giant newt (D:5)
  10 kobolds
  A quokka skeleton (D:4)
  8 rats
146 creatures vanquished.

Notes
Turn   | Place    | Note
--------------------------------------------------------------
     0 | D:1      | PossumBlood the Minotaur Fighter began the quest for the Orb.
     0 | D:1      | Reached XP level 1. HP: 19/19 MP: 0/0
    32 | D:1      | Reached skill level 3 in Axes
   117 | D:1      | Reached XP level 2. HP: 26/26 MP: 1/1
   584 | D:1      | Reached skill level 1 in Dodging
   799 | D:2      | Reached skill level 4 in Axes
   799 | D:2      | Reached XP level 3. HP: 24/31 MP: 2/2
  1190 | D:2      | Reached XP level 4. HP: 38/39 MP: 3/3
  1244 | D:2      | Reached skill level 5 in Axes
  1759 | D:3      | Noticed Ijyb
  1766 | D:3      | Killed Ijyb
  1848 | D:3      | Noticed Jessica
  1855 | D:3      | Killed Jessica
  1855 | D:3      | Reached XP level 5. HP: 33/45 MP: 4/4
  1993 | D:3      | Reached skill level 6 in Axes
  1999 | D:3      | Found a faded altar to an unknown god.
  2037 | D:3      | Found a deep blue altar of Sif Muna.
  2261 | D:4      | Noticed Sigmund
  2273 | D:4      | Killed Sigmund
  2273 | D:4      | Reached skill level 7 in Axes
  2273 | D:4      | Reached XP level 6. HP: 36/51 MP: 5/5
  2518 | D:4      | Noticed Crazy Yiuf
  2521 | D:4      | Killed Crazy Yiuf
  2693 | D:4      | Found a staircase to the Ecumenical Temple.
  2745 | Temple   | Entered the Ecumenical Temple
  2749 | Temple   | Became a worshipper of Warmaster Okawaru
  2886 | D:4      | Noticed Robin
  2898 | D:4      | Killed Robin
  3188 | D:4      | Reached skill level 8 in Axes
  3188 | D:4      | Reached XP level 7. HP: 57/57 MP: 6/6
  3213 | D:4      | Found a shadowy altar of Dithmenos.
  3481 | D:5      | Entered Level 5 of the Dungeon
  3489 | D:5      | Noticed Eustachio
  3497 | D:5      | Killed Eustachio
  3497 | D:5      | Reached * piety under Okawaru
  3536 | D:5      | Reached skill level 9 in Axes
  3783 | D:5      | Reached XP level 8. HP: 64/64 MP: 7/7
  3860 | D:5      | Reached skill level 10 in Axes
  3877 | D:5      | Reached skill level 5 in Dodging
  3879 | D:5      | Reached ** piety under Okawaru
  4269 | D:5      | Reached skill level 11 in Axes
  4740 | D:6      | Reached skill level 12 in Axes
  4831 | D:6      | Found a snail-covered altar of Cheibriados.
  4918 | D:6      | Noticed skimmer's ghost (novice HECj)
  4926 | D:6      | HP: 1/64 [skimmer's ghost/orb of energy (14)]
  4930 | D:6      | Killed from afar by skimmer's ghost

Skill      XL: |  1  2  3  4  5  6  7  8 |
---------------+-------------------------+-----
Axes           | 3 4 5 7 8 9 12 | 12.2
Dodging        | 1 2 3 4 5 |  5.5
Fighting       | |  3.6
Armour         | |  3.6
Stealth        | |  0.6
Shields        | |  3.6

Action                   |  1- 3 |  4- 6 |  7- 9 || total
-------------------------+-------+-------+-------++-------
Melee: War axe           |    94 |   155 |   173 ||   422
       Headbutt          |    10 |    34 |    33 ||    77
  Use: Potion            |       |       |     3 ||     3
  Eat: Pizza             |     1 |       |       ||     1
       Meat ration       |       |     1 |       ||     1
       Fruit             |       |     1 |     2 ||     3
       Beef jerky        |       |       |     2 ||     2
       Bread ration      |       |       |     1 ||     1
Armor: Scale mail        |    38 |    46 |    62 ||   146
Dodge: Dodged            |    35 |    30 |    56 ||   121
Block: Shield            |    51 |    71 |    80 ||   202
